 Dungeon Crawl Stone Soup version 0.30-a0-121-gb27577e5d9 (webtiles) character file.

Game seed: 2074095447298810418

72529 greasedhog the Blocker (level 15, -14/96 HPs)
             Began as a Gargoyle Cinder Acolyte on Sept 15, 2022.
             Was a Follower of Okawaru.
             Killed from afar by a salamander tyrant (51 damage)
             ... on level 13 of the Dungeon.
             The game lasted 00:40:02 (28669 turns).

greasedhog the Blocker (Gargoyle Cinder Acolyte)   Turns: 28669, Time: 00:40:03

Health: -14/96     AC: 29    Str: 17    XL:     15   Next: 40%
Magic:  15/15      EV: 11    Int: 25    God:    Okawaru [*.....]
Gold:   1511       SH: 11    Dex:  8    Spells: 16/16 levels left

rFire   . . .      SeeInvis .    i - +8 club (drain)
rCold   . . .      Faith    .    t - +0 kite shield
rNeg    + + .      Spirit   .    q - +4 scale mail "Kig Zunile" {Contam rN+ Int+5}
rPois   ∞          Reflect  .    C - +1 hat
rElec   +          Harm     .    I - +2 cloak
rCorr   .          Rampage  .    (no gloves)
Will    ++...      Clarity  +    B - +0 pair of boots
Stlth   +.........               c - amulet of the acrobat
HPRegen 0.26/turn                a - ring "Umuifyj" {rElec rF+ Str-2 Slay+5 Stlth+}
MPRegen 0.14/turn                R - ring of willpower

@: weakened, flying, fire susceptible
A: sickness immunity, AC +11, big wings, negative energy resistance 1,
electricity resistance, torment resistance 1, petrification resistance, clarity,
clever 1, low MP 1
a: Renounce Religion, Heroism


You were on level 13 of the Dungeon.
You worshipped Okawaru.
Okawaru was aware of your devotion.
You visited 4 branches of the dungeon, and saw 21 of its levels.
You also visited: Ossuary.

You collected 2630 gold pieces.
You spent 1119 gold pieces at shops.

Inventory:

Hand Weapons
 i - a +8 club of draining (weapon)
Missiles
 g - 2 throwing nets (quivered)
 n - 10 curare-tipped darts
Armour
 q - the +4 scale mail "Kig Zunile" (worn) {Contam rN+ Int+5}
   (You took it off an orc on level 3 of the Dungeon)

   Int:       It affects your intelligence (+5).
   rN:        It protects you from negative energy.
   Contam:    It causes magical contamination when unequipped.
 t - a +0 kite shield (worn)
 B - a +0 pair of boots (worn)
 C - a +1 hat (worn)
 I - a +2 cloak (worn)
Jewellery
 a - the ring "Umuifyj" (left hand) {rElec rF+ Str-2 Slay+5 Stlth+}
   (You bought it in a shop on level 2 of the Orcish Mines)

   [ring of protection from fire]

   Str:       It affects your strength (-2).
   Slay:      It affects your accuracy & damage with ranged weapons and melee
   (+5).
   rF:        It protects you from fire.
   rElec:     It insulates you from electricity.
   Stlth:     It makes you more stealthy.
 c - an amulet of the acrobat (around neck)
 u - a ring of ice
 x - a +6 ring of strength
 G - a ring of positive energy
 Q - a ring of willpower
 R - a ring of willpower (right hand)
Wands
 z - a wand of mindburst (9)
 J - a wand of flame (31)
 N - a wand of iceblast (12)
 T - a wand of charming (6)
Scrolls
 j - 7 scrolls of enchant armour
 l - 3 scrolls of immolation
 o - 7 scrolls of teleportation
 w - 5 scrolls of amnesia
 y - 3 scrolls of summoning
 A - 7 scrolls of enchant weapon
 D - a scroll of brand weapon
 E - 4 scrolls of fear
 F - 2 scrolls of magic mapping
 M - 3 scrolls of vulnerability
 O - 3 scrolls of blinking
 P - a scroll of butterflies
 U - a scroll of poison
 V - a scroll of identify
Potions
 b - 3 potions of resistance
 d - 4 potions of curing
 e - 3 potions of mutation
 f - 7 potions of brilliance
 h - 2 potions of attraction
 k - 3 potions of haste
 m - a potion of invisibility
 p - a potion of ambrosia {unknown}
 r - 3 potions of berserk rage
 s - a potion of lignification {unknown}
 v - 9 potions of heal wounds {unknown}
 H - 5 potions of might
 K - a potion of magic {unknown}
 L - 2 potions of flight {unknown}
 S - a potion of cancellation {unknown}


   Skills:
 * Level 12.0 Fighting
 - Level 12.0 Maces & Flails
 - Level 10.0 Armour
 - Level 10.0 Dodging
 - Level 13.7 Shields
 - Level 1.0 Spellcasting
 - Level 3.0 Fire Magic
 * Level 2.5 Invocations
 * Level 10.1 Evocations


You had 16 spell levels left.
You didn't know any spells.
Your spell library contained the following spells:

 Spells                   Type           Power      Damage    Failure   Level
 Scorch                   Fire           32%        2d7       28%         2
 Necrotise                Necr           4%         1d4       54%         1
 Shock                    Conj/Air       4%         1d3       54%         1
 Blink                    Tloc           2%         N/A       67%         2
 Poisonous Vapours        Pois/Air       2%         N/A       67%         2
 Lesser Beckoning         Tloc           1%         N/A       88%         3
 Portal Projectile        Hex/Tloc       2%         N/A       88%         3
 Leda's Liquefaction      Hex/Erth       0%         N/A       99%         4
 Manifold Assault         Tloc           1%         N/A       99%         4
 Petrify                  Tmut/Erth      1%         N/A       99%         4
 Irradiate                Conj/Tmut      0%         3d11      100%        5
 Orb of Destruction       Conj           0%         9d5       100%        7
 Summon Small Mammal      Summ           Unusable   N/A       N/A         1
 Cigotuvi's Dreadful Rot  Necr/Pois/Air  Unusable   N/A       N/A         2
 Sublimation of Blood     Necr           Unusable   N/A       N/A         2
 Call Canine Familiar     Summ           Unusable   N/A       N/A         3
 Summon Guardian Golem    Hex/Summ       Unusable   N/A       N/A         3
 Spellforged Servitor     Conj/Summ      Unusable   N/A       N/A         7

Dungeon Overview and Level Annotations

Branches:
Dungeon (13/15)            Temple (1/1) D:4            Lair (5/5) D:11
 Shoals (0/4) Lair:2       Spider (0/4) Lair:3        Slime (0/5) Lair:5
    Orc (2/2) D:10            Elf (0/3) Orc:2       Ossuary (visited)
 Vaults: D:13-14

Altars:
Ashenzari
Cheibriados
Dithmenos
Elyvilon
Fedhas
Gozag
Hepliaklqana
Kikubaaqudgha
Makhleb
Nemelex Xobeh
Okawaru
Qazlal
Ru
Sif Muna
Trog
Uskayaw
Vehumet
Wu Jian
Xom
Yredelemnul
Zin
The Shining One
Jiyva
Lugonu

Shops:
D:1 (   D:9 (   Orc:1 [   Orc:2 ((?=

Portals:
Abyss: Orc:1

Annotations:
D:9 2 transporters
Orc:1 2 transporters, ytrimaz's ghost, journeyman DsGl


Innate Abilities, Weirdness & Mutations

You are immune to sickness and miasma.
Your stone body is resilient. (AC +11)
You are immune to poison.
Your large and strong wings let you fly.
You resist negative energy. (rN+)
You are resistant to electric shocks. (rElec)
You are resistant to unholy torment.
You are immune to petrification.
You possess an exceptional clarity of mind.
Your mind is acute. (Int +4, Str/Dex -1)
Your magical capacity is low. (-10% MP)


Message History

The flame surge hits you!!!
A salamander tyrant comes into view.
A salamander tyrant comes into view.
You see here a +0 buckler.
The salamander tyrant gazes fiercely through you!
You feel your attacks grow feeble.
The salamander tyrant gazes fiercely through you!
You feel as though you will be weak longer.
The salamander tyrant gazes fiercely through you!
You feel as though you will be weak longer.
The salamander tyrant gazes fiercely through you!
You feel as though you will be weak longer.
The salamander tyrant rends the earth beneath you!
The blast of magma engulfs you!!
You hear a shout!
Aiming: Iceblast
Press: ? - help, Shift-Dir - straight line, f - salamander tyrant
Aim: a salamander tyrant The mass of ice explodes!
The iceblast engulfs the salamander tyrant!
The salamander tyrant is frozen!
The salamander tyrant is moderately wounded.
The iceblast engulfs the salamander tyrant!
The salamander tyrant is frozen!
The salamander tyrant is moderately wounded.
You hear a shout!
The salamander tyrant gazes fiercely through you!
You feel as though you will be weak longer.
Unknown command.
Aiming: Iceblast
Press: ? - help, Shift-Dir - straight line, f/p - salamander tyrant
Aim: a salamander tyrant (moderately wounded)
The mass of ice explodes!
The iceblast engulfs the salamander tyrant!
The salamander tyrant is frozen!
The salamander tyrant is heavily wounded.
The salamander tyrant rends the earth beneath you!
The blast of magma engulfs you!!!
Ouch! That really hurt!
You die...

#.......# ##8#8#'#8#8##
###.......#
##...........##
.÷........#
#8..N.≈≈.....8#
###.......#
##...[.......## #
####....##
#8.N#8#'#8#..8#
###.......##. ##..###.###
.## ##........##..
#8..8##.# 8#
.<........##...##..###.#
#
..#......###...≈@..8##.##
.........#
#....≈..##...##
.........#
#8#8#8#8#8...8#
.........###
########...##
...#......###########...#
...#######.......).....##
.......###..#..........#
.[.# #.......#.........#
...# #....##...........#


You could see 2 salamander tyrants.

Vanquished Creatures
  A minotaur (D:11)
  Snorg (D:10)
  4 hydras
  Fannar (D:12)
  3 catoblepae (Lair:5)
  2 ogre magi (Orc:2)
  The ghost of ragingrage the Unseen, a journeyman KoBr of Wu Jian (D:11)
  2 boulder beetles
  2 centaur warriors
  7 death yaks
  9 two-headed ogres
  An orc high priest (Orc:1)
  Sonja (Lair:1)
  2 deep trolls
  A wizard (D:13)
  A lindwurm (Lair:5)
  3 ugly things
  An oklob plant (Lair:5)
  An orc knight (D:11)
  2 cyclopes (Orc:2)
  2 manticores (Lair:5)
  3 black mambas
  22 elephants
  8 cane toads
  An unseen horror (D:11)
  A gargoyle (D:11)
  4 komodo dragons
  2 tengu conjurers (D:13)
  A rime drake (Lair:5)
  5 kobold demonologists
  11 trolls
  3 meliai (D:13)
  2 polar bears
  Prince Ribbit (D:7)
  10 dream sheep
  7 blink frogs
  A snapping turtle (Lair:2)
  4 slime creatures (D:13)
  Sigmund (D:5)
  4 culicivoras (Lair:3)
  A vampire (D:11)
  2 basilisks
  3 fire bats (Lair:2)
  5 wyverns
  A shadow (D:9)
  2 wraiths (D:12)
  Eustachio (D:4)
  54 yaks
  7 fire elementals
  A hog (shapeshifter) (D:13)
  A steam dragon (D:9)
  Menkaure (D:5)
  6 vampire mosquitoes (D:11)
  5 wargs
  14 water moccasins
  An acid dragon (D:11)
  Duvessa (D:7)
  5 black bears
  A hornet zombie (Ossuary)
  13 orc warriors
  An ice beast (D:6)
  18 ogres
  9 centaurs
  22 wolves
  2 phantoms (D:4)
  6 kobold brigands
  7 bullfrogs
  2 wyvern zombies (Ossuary)
  4 gnoll sergeants
  A necrophage (D:4)
  3 scorpions
  3 water moccasin zombies (Ossuary)
  Dowan (D:7)
  5 wights
  A killer bee (shapeshifter) (D:13)
  6 killer bees (D:10)
  4 howler monkeys
  4 electric eels
  5 centaur zombies (Ossuary)
  2 jellies
  A bullfrog zombie (Ossuary)
  11 orc priests
  A hound (D:6)
  A gnoll bouda (D:6)
  Jessica (D:2)
  15 mummies (Ossuary)
  Ijyb (D:5)
  5 iguanas
  4 hell rats
  22 orc wizards
  Terence (D:2)
  2 killer bee zombies (Ossuary)
  3 howler monkey zombies (Ossuary)
  Robin (D:2)
  24 gnolls
  8 adders
  3 white imps
  2 ufetubi (D:5)
  A worm (D:5)
  A dart slug (D:1)
  54 orcs
  6 endoplasms
  5 giant cockroaches
  13 goblins
  18 hobgoblins
  6 jackals
  5 quokkas
  6 ball pythons
  3 bats
  A frilled lizard (D:1)
  A goblin zombie (D:6)
  44 kobolds
  12 rats
  A rat zombie (D:6)
  A bush (Lair:5)
654 creatures vanquished.

Vanquished Creatures (others)
  57 foxfires
  14 fungi
  55 plants
  7 withered plants (Ossuary)
133 creatures vanquished.

Grand Total: 787 creatures vanquished

Notes
Turn   | Place    | Note
-------+----------+-------------------------------------------
     0 | D:1      | greasedhog the Gargoyle Cinder Acolyte began the quest for
                  | the Orb.
     0 | D:1      | Reached XP level 1. HP: 14/14 MP: 2/2
    66 | D:1      | Reached XP level 2. HP: 11/19 MP: 3/3
   640 | D:1      | Found Kuch's Weapon Boutique.
   663 | D:1      | Reached XP level 3. HP: 24/24 MP: 4/4
  1205 | D:2      | Noticed Jessica
  1220 | D:2      | Killed Jessica
  1221 | D:2      | Reached XP level 4. HP: 9/30 MP: 5/5
  1834 | D:2      | Found a glowing golden altar of the Shining One.
  1857 | D:2      | Noticed Robin
  1865 | D:2      | Killed Robin
  1999 | D:2      | Noticed Terence
  2007 | D:2      | Killed Terence
  2008 | D:2      | Reached XP level 5. HP: 33/34 MP: 6/6
  2223 | D:3      | Found a faded altar of an unknown god.
  2304 | D:3      | Reached skill level 5 in Fighting
  2325 | D:3      | Identified the +4 scale mail "Kig Zunile" {Contam rN+
                  | Int+5}
  2340 | D:3      | Reached skill level 1 in Armour
  2491 | D:3      | Reached skill level 5 in Maces & Flails
  2562 | D:3      | Reached XP level 6. HP: 40/40 MP: 7/7
  2703 | D:3      | Found an ancient bone altar of Kikubaaqudgha.
  2704 | D:3      | Found a shimmering blue altar of Sif Muna.
  2707 | D:3      | Found a radiant altar of Vehumet.
  2719 | D:3      | Got Kikubaaqudgha's Teachings on Wicked Mysteries
  3140 | D:4      | Found a shimmering altar of Xom.
  3168 | D:4      | Found a broken altar of Ashenzari.
  3236 | D:4      | Found a staircase to the Ecumenical Temple.
  3767 | D:4      | Reached XP level 7. HP: 44/44 MP: 8/8
  3842 | D:4      | Noticed Eustachio
  3870 | D:4      | Killed Eustachio
  4047 | D:4      | Reached skill level 5 in Armour
  4413 | D:4      | Reached skill level 1 in Dodging
  4413 | D:4      | Reached XP level 8. HP: 49/49 MP: 9/9
  4853 | D:5      | Entered Level 5 of the Dungeon
  4890 | D:5      | Noticed Menkaure
  4891 | D:5      | Noticed Ijyb
  4893 | D:5      | Noticed Sigmund
  5676 | D:5      | Killed Menkaure
  5682 | D:5      | Killed Sigmund
  5813 | D:5      | Killed Ijyb
  6483 | D:5      | Reached XP level 9. HP: 54/54 MP: 10/10
  7093 | D:6      | Found a sand-covered staircase.
  7100 | Ossuary  | Entered an ossuary
  7110 | Ossuary  | Reached skill level 5 in Dodging
  7191 | Ossuary  | Reached skill level 1 in Shields
  7203 | Ossuary  | Reached skill level 2 in Shields
  7271 | Ossuary  | Reached skill level 3 in Shields
  7530 | Ossuary  | Reached skill level 10 in Maces & Flails
  7578 | Ossuary  | Reached skill level 4 in Shields
  8138 | D:7      | Noticed Prince Ribbit
  8142 | D:7      | Killed Prince Ribbit
  8143 | D:7      | Reached skill level 5 in Shields
  8143 | D:7      | Reached XP level 10. HP: 59/59 MP: 11/11
  8416 | D:7      | Noticed Dowan
  8443 | D:7      | Killed Dowan
  8459 | D:7      | Noticed Duvessa
  8476 | D:7      | Killed Duvessa
  8932 | D:8      | Reached skill level 6 in Shields
  9212 | D:8      | Found a white marble altar of Elyvilon.
  9212 | D:8      | Found a glowing golden altar of the Shining One.
  9212 | D:8      | Found a glowing silver altar of Zin.
  9347 | D:8      | Reached skill level 7 in Shields
 10261 | D:9      | Reached skill level 8 in Shields
 10649 | D:9      | Found a transporter.
 10739 | D:9      | Reached XP level 11. HP: 37/63 MP: 12/12
 10991 | D:8      | Reached skill level 1 in Evocations
 11227 | D:9      | Found a snail-covered altar of Cheibriados.
 11228 | D:9      | Found Ylohit's Antique Weapon Shoppe.
 11229 | D:9      | Found a sacrificial altar of Ru.
 11230 | D:9      | Found a basalt altar of Yredelemnul.
 11230 | D:9      | Found an ornate altar of the Wu Jian Council.
 11232 | D:9      | Found a sparkling altar of Nemelex Xobeh.
 11233 | D:9      | Found a hide-covered altar of Uskayaw.
 11489 | D:9      | Reached skill level 9 in Shields
 11681 | D:10     | Entered Level 10 of the Dungeon
 11835 | D:10     | Found a staircase to the Orcish Mines.
 12224 | D:10     | Reached skill level 10 in Shields
 12241 | D:9      | Found a transporter.
 12418 | D:10     | Noticed Snorg
 12775 | D:10     | Killed Snorg
 13064 | D:11     | Noticed a green ugly thing
 13078 | D:11     | Killed a green ugly thing
 13079 | D:11     | Reached skill level 5 in Evocations
 13172 | D:11     | Found a runed translucent gate.
 13172 | D:11     | Found a runed translucent gate.
 13176 | D:11     | Found a runed translucent gate.
 13176 | D:11     | Noticed a minotaur
 13177 | D:11     | Noticed a two-headed ogre
 13177 | D:11     | Noticed ragingrage's ghost (journeyman KoBr)
 13246 | D:11     | Reached skill level 11 in Shields
 13272 | D:11     | Found a staircase to the Lair.
 13307 | D:11     | Reached XP level 12. HP: 59/68 MP: 13/13
 14280 | Orc:1    | Entered Level 1 of the Orcish Mines
 14453 | Orc:1    | Reached skill level 12 in Shields
 14500 | Orc:1    | Found a transporter.
 14509 | Orc:1    | Found a transporter.
 14520 | Orc:1    | Found Ypyucij's Antique Armour Shoppe.
 14527 | Orc:1    | Found a one-way gate to the infinite horrors of the Abyss.
 14527 | Orc:1    | Noticed ytrimaz's ghost (journeyman DsGl)
 14530 | Orc:1    | Noticed an orc warlord
 14535 | Orc:1    | Noticed a great orb of eyes
 14540 | Orc:1    | Noticed a cacodemon
 14544 | Orc:1    | Bought a glowing cloak for 240 gold pieces
 14630 | Orc:1    | Noticed a rakshasa
 14632 | Orc:1    | Noticed a rakshasa
 14757 | Orc:1    | Noticed an orc high priest
 14820 | Orc:1    | Noticed a sun demon
 14831 | Orc:1    | Killed an orc high priest
 15189 | Orc:2    | Entered Level 2 of the Orcish Mines
 15191 | Orc:2    | Noticed an ogre mage
 15210 | Orc:2    | Noticed a two-headed ogre
 15355 | Orc:2    | Killed a two-headed ogre
 15368 | Orc:2    | Noticed a two-headed ogre
 15380 | Orc:2    | Killed a two-headed ogre
 15441 | Orc:2    | Paralysed by something for 4 turns
 15451 | Orc:2    | Killed an ogre mage
 15452 | Orc:2    | Reached skill level 13 in Shields
 15464 | Orc:2    | Found Yvoteesch's Jewellery Shop.
 15464 | Orc:2    | Noticed a two-headed ogre
 15677 | Orc:2    | Killed a two-headed ogre
 16165 | Orc:2    | Noticed an ogre mage
 16274 | Orc:2    | Paralysed by an ogre mage for 3 turns
 16284 | Orc:2    | Noticed a two-headed ogre
 16285 | Orc:2    | Killed an ogre mage
 16286 | Orc:2    | Reached XP level 13. HP: 67/82 MP: 14/14
 16301 | Orc:2    | Reached skill level 10 in Fighting
 16486 | Orc:2    | Found Nauzeigy's Magic Scroll Shoppe.
 16763 | Orc:2    | Found Jogua's Weapon Boutique.
 16764 | Orc:2    | Found Cerghuw's Antique Weapon Boutique.
 16937 | Orc:2    | Found a shimmering blue altar of Sif Muna.
 16948 | Orc:2    | Gained mutation: Your mind is acute. (Int +4, Str/Dex -1)
                  | [potion of mutation]
 16948 | Orc:2    | Gained mutation: Your magical capacity is low. (-10% MP)
                  | [potion of mutation]
 16948 | Orc:2    | Gained mutation: Your large and strong wings let you fly.
                  | [potion of mutation]
 16948 | Orc:2    | Gained mutation: You possess an exceptional clarity of
                  | mind. [potion of mutation]
 16957 | Orc:2    | Got Sif Muna's Catalogue of the Impact
 17238 | Orc:2    | Found a staircase to the Elven Halls.
 17521 | Orc:2    | Bought the ring "Umuifyj" {rElec rF+ Str-2 Slay+5 Stlth+}
                  | for 879 gold pieces
 17620 | Lair:1   | Entered Level 1 of the Lair of Beasts
 17957 | Lair:1   | Noticed Sonja
 17963 | Lair:1   | Killed Sonja
 18200 | Lair:1   | You are sucked into a shaft and drop 1 floor!
 19807 | Lair:2   | Found a staircase to the Shoals.
 20503 | Lair:3   | Found a hole to the Spider Nest.
 20755 | Lair:3   | Mutation became permanent: Your large and strong wings let
                  | you fly. [Gargoyle growth]
 20755 | Lair:3   | Gained mutation: Your large and strong wings let you fly.
                  | [Gargoyle growth]
 20755 | Lair:3   | Reached XP level 14. HP: 68/88 MP: 13/13
 21469 | Lair:4   | Reached skill level 10 in Armour
 22727 | Lair:5   | Entered Level 5 of the Lair of Beasts
 24111 | Lair:5   | Found a staircase to the Slime Pits.
 24458 | Lair:5   | Found a viscous altar of Jiyva.
 24785 | Lair:5   | Reached skill level 10 in Dodging
 25079 | Lair:5   | Reached XP level 15. HP: 55/93 MP: 14/14
 25627 | D:11     | Killed ragingrage's ghost
 26188 | Temple   | Entered the Ecumenical Temple
 26221 | Temple   | Fell from the grace of Ignis
 26221 | Temple   | Became a worshipper of Warmaster Okawaru
 26412 | D:12     | Noticed Fannar
 26443 | D:12     | Killed Fannar
 27106 | D:12     | Reached * piety under Okawaru
 27503 | D:13     | Reached skill level 1 in Invocations
 27503 | D:13     | Reached skill level 10 in Evocations
 28669 | D:13     | Killed from afar by a salamander tyrant

Illustrated notes

Levels and vault maps discovered:
D:1:      co_arrival_hexagon_in_a_hexagon, layout_rooms, serial_shops,
          nicolae_shop_waterfront, lexackson_kobold_supper
D:2:      layout_loops_ring, basic_altar, minmay_pentomino_v2, uniq_terence,
          uniq_robin, uniq_jessica
D:3:      layout_loops_cross, grunt_temple_overflow_magic_moments,
          basic_ecumenical_altar, minivault_23
D:4:      layout_loops_ring, mainiacjoe_overflow_large_starburst,
          minmay_temple_entry_drinking_statues, serial_bayou,
          serial_bayou_lake_a, serial_bayou_ford_a, serial_bayou_pond_e,
          serial_bayou_lagoon_b, minmay_misc_feat_nine_boxes, uniq_eustachio
D:5:      layout_rooms, uniq_menkaure, uniq_ijyb, uniq_sigmund
D:6:      layout_basic, enter_ossuary_4
D:7:      layout_cave_pools, due_unseen_surprise, uniq_duvessa,
          uniq_prince_ribbit1
D:8:      layout_layer_cave, good_gods_mini_temple, chequers_garden
D:9:      layout_rooms, grunt_temple_overflow_open, serial_shops, shop,
          minmay_holes, nicolae_diode_stairs
D:10:     layout_roguey, minmay_orc_entry_guard_dogs, uniq_snorg
D:11:     cheibrodos_orc_bank, layout_small_grid, minmay_lair_entry_grove,
          maelrawn_ghost_gauntlet_escape
D:12:     layout_cave_pools, uniq_fannar
D:13:     evilmike_halls_of_destruction, layout_rooms, david_vaults_4
Temple:   corrupted_temple
Lair:1:   layout_gridlike, enter_volcano_1, lemuel_fruit_tree, uniq_sonja
Lair:2:   layout_gridlike, minmay_shoals_entry_hut,
          chequers_serial_rivers_room_a
Lair:3:   layout_cave_pods, hellmonk_spider_entry_life_and_decay
Lair:4:   layout_cave_shapes, forest_entry_grove, serial_bayou_shore_a,
          grunt_megastairs_2
Lair:5:   evilmike_catoblepas_cave, layout_misc_corridors, slime_entry_1,
          minmay_lair_oklob_bushes
Orc:1:    layout_caves, serial_shops, shop, gammafunk_ghost_abyssal_escape,
          nicolae_orc_flooded_monolith
Orc:2:    st_orc_open, layout_caves, basic_altar, led_sif_book

Skill      XL: |  1  2  3  4  5  6  7  8  9 10 11 12 13 14 15 |
---------------+----------------------------------------------+-----
Fighting       | 4 5 9 10 12 | 12.0
Maces & Flails | 4 5 7 8 10 11 12 | 12.0
Armour         | 2 3 5 9 10 | 10.0
Dodging        | 1 4 5 7 10 | 10.0
Shields        | 5 8 11 13 | 13.7
Evocations     | 5 9 10 | 10.1
Invocations    | 2 |  2.5
Spellcasting   | |  1.0
Fire Magic     | |  3.0

Action                   |  1- 3 |  4- 6 |  7- 9 | 10-12 | 13-15 || total
-------------------------+-------+-------+-------+-------+-------++-------
Melee: Mace              |   110 |       |       |       |       ||   110
       Club              |       |   167 |   520 |   887 |  1431 ||  3005
       Punch             |       |     1 |       |       |       ||     1
Invok: Fiery Armour      |       |       |     2 |     1 |     5 ||     8
       Foxfire Swarm     |       |       |     1 |       |     2 ||     3
       Rising Flame      |       |       |       |     1 |       ||     1
       Heroism           |       |       |       |       |     1 ||     1
Evoke: Wand              |       |       |       |    10 |     3 ||    13
  Use: Scroll            |     2 |     3 |     9 |     4 |     4 ||    22
       Potion            |       |       |     1 |     1 |     5 ||     7
 Stab: Petrified         |       |       |       |       |     6 ||     6
       Distracted        |       |       |       |       |     1 ||     1
Armor: Robe              |    31 |     7 |       |       |       ||    38
       Chain mail        |       |    12 |       |       |       ||    12
       Scale mail        |       |    56 |   265 |   416 |   831 ||  1568
       Skin              |       |       |     6 |       |       ||     6
Dodge: Dodged            |    76 |    73 |   245 |   344 |   648 ||  1386
Block: Kite shield       |       |     7 |   166 |   436 |   903 ||  1512

Table legend: (Time is in decaauts)
 A = Elapsed time spent in this place.
 B = Non-inter-level travel time spent in this place.
 C = Inter-level travel time spent in this place.
 D = Time resting spent in this place.
 E = Time spent auto-exploring this place.
 F = Levels seen in this place.
 G = Mean time per level.
                   A        B        C        D        E       F      G
               +--------+--------+--------+--------+--------+-----+--------+
         Total |  28395 |  27195 |   1200 |   6933 |  14901 |  22 | 1290.7 |
       Dungeon |  16735 |  15873 |    862 |   3809 |   8860 |  13 | 1287.3 |
        Temple |     49 |     48 |      1 |      0 |     25 |   1 |   49.0 |
          Lair |   7746 |   7476 |    270 |   1812 |   4393 |   5 | 1549.2 |
  Orcish Mines |   3214 |   3148 |     66 |   1312 |   1274 |   2 | 1607.0 |
       Ossuary |    650 |    650 |      0 |      0 |    348 |   1 |  650.0 |
               +--------+--------+--------+--------+--------+-----+--------+

Top non-repeatable levels by time:
     D:4: 2299 daAuts
  Lair:5: 2271 daAuts
    D:11: 2182 daAuts
   Orc:1: 1784 daAuts
  Lair:2: 1685 daAuts
  Lair:4: 1645 daAuts
     D:8: 1591 daAuts
   Orc:2: 1429 daAuts
    D:10: 1332 daAuts
  Lair:3: 1255 daAuts
     D:5: 1220 daAuts
     D:2: 1197 daAuts
    D:13: 1147 daAuts
     D:3: 1087 daAuts
     D:7: 1048 daAuts
